Description

x

Replay - Lambo v MarineLorD: Game 1 - Romanticide LE

Build Order

Get SALT Encoding   

  12  0:00  SCV  
  13  0:12  SCV  
  14  0:17  Supply Depot  
  14  0:24  SCV  
  15  0:39  Barracks  
  15  0:50  Barracks  
  15  0:52  SCV  
  16  1:02  Refinery  
  17  1:04  SCV  
  17  1:16  SCV  
  18  1:26  Marine  
  18  1:28  Orbital Command  
  19  1:36  Supply Depot  
  19  1:37  Marine  
  20  1:43  Marine  
  21  1:49  Bunker  
  21  1:55  Marine  
  21  1:56  Bunker  
  21  1:59  SCV  
  23  2:02  Bunker  
  23  2:04  Marine  
  23  2:08  Bunker  
  24  2:12  Marine  
  24  2:13  SCV  
  26  2:22  Factory  
  26  2:30  SCV  
  26  2:33  Marine x2  
Spawning Tool Build Advisor. Get it on Overwolf

Analysis

x

Go to:

Details

  • Created by: charles5
  • Published on: Dec 17, 2021
  • Modified on: Dec 17, 2021
  • Patch: 4.11.0
  • Difficulty: Hard
Show
View Real Time Build Order
Export as new Build Order

Comments (0)

There are no comments. Be the first!

Create an account to comment!